 Dungeon Crawl Stone Soup version 0.31-a0-1002-g8e65716e6e (webtiles) character file.

Game seed: 12539886876821992589

78319 Gladio the Bludgeoner (level 16, -8/133 HPs)
             Began as a Human Fighter on Nov 9, 2023.
             Was the Champion of Lugonu.
             Mangled by Agnes
             ... wielding a +0 lajatang of electrocution
              (18 damage)
             ... on level 14 of the Dungeon.
             The game lasted 00:56:05 (25632 turns).

Gladio the Bludgeoner (Human Fighter)              Turns: 25632, Time: 00:56:05

Health: -8/133     AC: 26    Str: 29    XL:     16   Next: 7%
Magic:  22/22      EV: 11    Int:  8    God:    Lugonu [******]
Gold:   1322       SH: 23    Dex: 17    Spells: 15/15 levels left

rFire   + . .        o - +1 morningstar (venom)
rCold   . . .        N - +0 tower shield
rNeg    . . .        G - +0 plate armour
rPois   .            (helmet restricted)
rElec   .            v - +2 cloak
rCorr   .            y - +2 pair of gloves
SInv    .            H - +1 pair of boots {rampage}
Will    +....        W - amulet of reflection Stlth
                     U - +5 ring of evasion
HPRegen 0.42/turn    X - +6 ring of strength
MPRegen 0.18/turn

%: reflection, rampage
@: slowed, studying Armour, very slow
A: horns 1, agile 1, fire resistance 1, subdued magic 1
a: Renounce Religion, Depart the Abyss, Banish, Corrupt, Enter the Abyss, Brand
Weapon With Distortion


You were on level 14 of the Dungeon.
You worshipped Lugonu.
Lugonu was exalted by your worship.
You visited 2 branches of the dungeon, and saw 19 of its levels.
You also visited: Ossuary and Gauntlet.

You collected 1322 gold pieces.

Inventory:

Hand Weapons
 o - a +1 morningstar of venom (weapon)
 I - the +3 flail of Zogy {freeze, rPois Int+6 Dex+2}
   (You found it on level 13 of the Dungeon)

   Int+6:     It affects your intelligence (+6).
   Dex+2:     It affects your dexterity (+2).
   rPois:     It protects you from poison
Missiles
 A - 35 poisoned darts (quivered)
 B - 4 javelins
Armour
 a - a scarf of resistance
 v - a +2 cloak (worn)
 y - a +2 pair of gloves (worn)
 G - a +0 plate armour (worn)
 H - a +1 pair of boots of rampaging (worn)
 N - a +0 tower shield (worn)
 Q - a +2 helmet
Jewellery
 m - a ring of see invisible
 x - a ring of willpower
 z - a ring of fire
 K - a ring of poison resistance
 T - a ring of resist corrosion
 U - a +5 ring of evasion (left hand)
 W - an amulet of reflection (around neck)
 X - a +6 ring of strength (right hand)
Wands
 C - a wand of paralysis (19)
 O - a wand of flame (45)
 P - a wand of iceblast (15)
 Y - a wand of digging (3)
Scrolls
 b - 5 scrolls of teleportation
 c - a scroll of butterflies {unknown}
 e - 5 scrolls of enchant armour
 f - 3 scrolls of vulnerability
 g - a scroll of revelation
 k - a scroll of noise
 l - a scroll of identify
 n - 10 scrolls of amnesia
 p - 7 scrolls of fog
 D - 4 scrolls of immolation
 E - a scroll of fear
 R - a scroll of silence
 S - a scroll of brand weapon
 Z - 3 scrolls of torment
Potions
 d - 2 potions of might
 h - a potion of berserk rage {unknown}
 i - 4 potions of haste
 j - 7 potions of curing
 q - 3 potions of cancellation
 t - 10 potions of ambrosia
 u - a potion of attraction
 J - 2 potions of magic
 L - 4 potions of lignification
 M - a potion of resistance
Miscellaneous
 r - a condenser vane
 s - a phantom mirror (inert)
 F - a sack of spiders
 V - a phial of floods


   Skills:
 * Level 14.0 Fighting
 - Level 16.3 Maces & Flails
 + Level 14.0 Armour
 + Level 11.5 Shields
 - Level 9.0 Invocations


You had 15 spell levels left.
You didn't know any spells.
Your spell library contained the following spells:

 Spells                   Type           Power      Damage    Failure   Level
 Magic Dart               Conj           0%         1d3       100%        1
 Sandblast                Erth           0%         2d4       100%        1
 Shock                    Conj/Air       0%         1d3       100%        1
 Call Imp                 Summ           0%         N/A       100%        2
 Ensorcelled Hibernation  Hex/Ice        0%         N/A       100%        2
 Passwall                 Tmut/Erth      0%         N/A       100%        2
 Poisonous Vapours        Pois/Air       0%         N/A       100%        2
 Scorch                   Fire           0%         2d5       100%        2
 Sublimation of Blood     Necr           0%         N/A       100%        2
 Mephitic Cloud           Conj/Pois/Air  0%         N/A       100%        3
 Stone Arrow              Conj/Erth      0%         3d7       100%        3
 Swiftness                Air            0%         N/A       100%        3
 Volatile Blastmotes      Fire/Tloc      0%         2d10      100%        3
 Airstrike                Air            0%         2d(0-16)  100%        4
 Animate Armour           Summ/Erth      0%         N/A       100%        4
 Brom's Barrelling Bould  Conj/Erth      0%         2d3       100%        4
 Flame Wave               Conj/Fire      0%         2d4       100%        4
 Fulminant Prism          Conj/Hex       0%         3d5       100%        4
 Iskenderun's Mystic Bla  Conj/Tloc      0%         2d3       100%        4
 Leda's Liquefaction      Hex/Erth       0%         N/A       100%        4
 Petrify                  Tmut/Erth      0%         N/A       100%        4
 Summon Lightning Spire   Summ/Air       0%         N/A       100%        4
 Vhi's Electric Charge    Tloc/Air       0%         N/A       100%        4
 Arcjolt                  Conj/Air       0%         1d10      100%        5
 Fireball                 Conj/Fire      0%         3d3       100%        5
 Freezing Cloud           Conj/Ice/Air   0%         6-21      100%        5
 Irradiate                Conj/Tmut      0%         3d11      100%        5
 Iskenderun's Battlesphe  Conj           0%         2d6       100%        5
 Lee's Rapid Deconstruct  Erth           0%         3d4*      100%        5
 Conjure Ball Lightning   Conj/Air       0%         3x3d6     100%        6
 Plasma Beam              Fire/Air       0%         2x1d10    100%        6
 Summon Cactus Giant      Summ           0%         N/A       100%        6
 Orb of Destruction       Conj           0%         9d5       100%        7
 Shatter                  Erth           0%         3d5*      100%        9


Dungeon Overview and Level Annotations

Branches:
Dungeon (14/15)            Temple (0/1) D:6            Lair (5/5) D:10
  Swamp (0/4) Lair:2       Spider (0/4) Lair:2        Slime (0/5) Lair:5
    Orc (0/2) D:9          Vaults (0/5) D:14        Ossuary (visited)
Gauntlet (visited)

Altars:
Hepliaklqana
Kikubaaqudgha
The Shining One
Jiyva
Lugonu

Portals:
Trove: D:12 (give 7 potions of haste)

Annotations:
D:5 1 runed translucent door, Slyspawn's ghost, novice AtFi
D:14 Agnes
Lair:5 corrupted
Abyss:1 Jeremiah; Snorg


Innate Abilities, Weirdness & Mutations

You have a pair of small horns on your head.
You are agile. (Dex +4, Str/Int -1)
Your flesh is heat resistant. (rF+)
Your spells are a little easier to cast, but a little less powerful.


Message History

Agnes hits you with a +0 lajatang of electrocution!
You block Agnes's attack.
Agnes hits you with a +0 lajatang of electrocution!
You hit Agnes but do no damage.
Agnes looks as sick as possible!
Agnes is moderately wounded.
You block Agnes's attack.
Agnes hits you with a +0 lajatang of electrocution!
You are electrocuted!
* * * LOW HITPOINT WARNING * * *
You bludgeon Agnes!! Your headbutt misses Agnes.
Agnes is heavily wounded.
You block Agnes's attack. x2
Unknown command.
You feel much better.
Agnes hits you with a +0 lajatang of electrocution. x2
You are electrocuted!
* * * LOW HITPOINT WARNING * * *
Agnes barely misses you.
Unknown command.
Read: scroll of fear
Press: ? - help, Q - select action, (/) - cycle Dir - look around, f - activate Look: Agnes, wielding a +0 lajatang of electrocution and wearing a +0 robe (heavily wounded, extremely poisoned, chance to affect: 47%)
Okay, then.
Activating: Corrupt (10% risk of failure)
Press: ? - help, Dir - look around, f - activate Look: Agnes, wielding a +0 lajatang of electrocution and wearing a +0 robe (heavily wounded, extremely poisoned)
Okay, then.
Press: ? - help, Shift-Dir - straight line
Okay, then.
Aiming: Phantom Mirror
Press: ? - help, Q - select action, (/) - cycle Dir - move target, f - Agnes
Aim: Agnes, wielding a +0 lajatang of electrocution and wearing a +0 robe (heavily wounded, extremely poisoned)
You reflect Agnes with the mirror!
The mirror clouds!
Agnes closely misses Agnes.
You block Agnes's attack.
Agnes barely misses Agnes.
You block Agnes's attack.
Agnes hits you with a +0 lajatang of electrocution!!
* * * LOW HITPOINT WARNING * * *
You are electrocuted!!
You die...
Agnes says, "May you follow the Path of Peace in your next life."

####..#######.###....[.#.#
..##<..............##....#
...†...............##....#
..##..§§..........°##....#
..##..§≈...........##....#
####..§..................#
.# #...................$.#
.#
#..........####†......###
.#
#......>.....@ii........#
.#
################........#
.# #....$..... ##
#.....≈..## .>...≈≈....
......≈≈.§#. .......≈...#
............#
.............#


You could see Agnes (extremely poisoned, ally target) and the friendly Agnes
(summoned, very poisoned, drained).

Vanquished Creatures
  A minotaur (Gauntlet)
  Azrael (D:13)
  An ice dragon (Lair:1)
  A hydra (Lair:3)
  6 centaur warriors
  2 boulder beetles
  3 two-headed ogres
  3 catoblepae (Lair:5)
  A tengu warrior (D:13)
  12 death yaks
  A skyshark (Lair:3)
  A skeletal warrior (D:14)
  An obsidian statue (Gauntlet)
  2 deep elf pyromancers
  8 ugly things
  A shining eye (Gauntlet)
  4 cyclopes
  2 manticores
  An ice statue (Lair:1)
  5 black mambas
  17 elephants
  2 torpor snails
  A gargoyle (D:13)
  7 cane toads
  4 centaur skeletons (D:14)
  3 yaktaurs (D:14)
  4 rime drakes
  A freezing wraith (D:14)
  13 komodo dragons
  2 kobold demonologists
  3 ice devils (Lair:1)
  11 trolls
  3 meliai (D:12)
  A hornet (D:9)
  2 queen bees
  3 polar bears (Lair:1)
  A blink frog (Lair:2)
  A glass eye (D:11)
  5 slime creatures (D:13)
  5 shadows
  Sigmund (D:6)
  53 yaks
  2 fire elementals (D:13)
  11 wyverns
  6 basilisks
  A redback (Lair:2)
  A golden eye (Gauntlet)
  10 vampire mosquitoes
  A steam dragon (D:10)
  A two-headed ogre zombie (D:9)
  11 water moccasins
  An acid dragon (D:12)
  5 hell hounds (D:13)
  2 sky beasts (D:7)
  6 black bears
  2 ogres
  4 orc warriors
  4 ice beasts
  16 centaurs
  9 wolves
  2 phantoms (D:9)
  4 kobold brigands
  An elf zombie (Ossuary)
  2 two-headed ogre simulacra (Lair:1)
  18 bullfrogs
  A cane toad simulacrum (Lair:1)
  2 scorpions
  4 troll zombies (D:9)
  43 killer bees
  An electric eel (Lair:2)
  13 howler monkeys
  3 hounds
  7 orc priests
  A centaur zombie (Ossuary)
  3 jellies
  7 iguanas
  7 orc wizards
  3 ogre zombies (D:9)
  2 mummies (Ossuary)
  10 gnolls
  A river rat (Lair:2)
  6 adders
  A naga simulacrum (Lair:1)
  2 white imps
  5 worms
  An adder zombie (Ossuary)
  4 dart slugs
  25 orcs
  12 ball pythons
  2 endoplasms
  2 giant cockroaches (D:1)
  10 goblins
  6 hobgoblins
  3 jackals (D:1)
  A quokka (D:1)
  8 bats
  3 frilled lizards
  2 gnoll skeletons (D:9)
  2 gnoll zombies (D:9)
  4 goblin zombies (Ossuary)
  11 hobgoblin zombies (Ossuary)
  A jackal zombie (Ossuary)
  16 kobolds
  12 kobold zombies (Ossuary)
  An orc skeleton (D:9)
  25 orc zombies
  4 rats
  A rat zombie (Ossuary)
  A butterfly (Lair:2)
599 creatures vanquished.

Vanquished Creatures (collateral kills)
  A death yak (Lair:1)
1 creature vanquished.

Vanquished Creatures (others)
  2 hydras (Lair:5)
  7 elephants (Lair:5)
  A cane toad (Lair:5)
  A tengu conjurer (D:13)
  3 komodo dragons (Lair:5)
  A polar bear (Lair:1)
  4 blink frogs (Lair:5)
  4 water moccasins (Lair:5)
  A killer bee (Lair:2)
  3 jellies (Lair:5)
  5 endoplasms (Lair:5)
  8 starspawn tentacles (Lair:5)
40 creatures vanquished.

Grand Total: 640 creatures vanquished

Notes
Turn   | Place    | Note
-------+----------+-------------------------------------------
     0 | D:1      | Gladio the Human Fighter began the quest for the Orb.
     0 | D:1      | Reached XP level 1. HP: 18/18 MP: 1/1
    88 | D:1      | Reached XP level 2. HP: 9/24 MP: 2/2
   393 | D:1      | Reached XP level 3. HP: 29/29 MP: 3/3
   530 | D:1      | Reached skill level 3 in Maces & Flails
   753 | D:2      | Reached XP level 4. HP: 31/35 MP: 4/4
  1030 | D:2      | Found a hazy altar of Hepliaklqana.
  1885 | D:3      | Reached skill level 4 in Maces & Flails
  1885 | D:3      | Reached XP level 5. HP: 40/42 MP: 5/5
  2025 | D:3      | Found a faded altar of an unknown god.
  2026 | D:3      | Noticed a glass eye
  2028 | D:3      | Noticed a great orb of eyes
  2055 | D:3      | Noticed a shining eye
  2069 | D:3      | Noticed a glass eye
  2155 | D:3      | Prayed at the altar of an unknown god.
  2155 | D:3      | Became a worshipper of Lugonu the Unformed
  2155 | D:3      | Reached * piety under Lugonu
  2523 | D:4      | Noticed a water moccasin
  2530 | D:4      | Killed a water moccasin
  2531 | D:4      | Reached skill level 5 in Maces & Flails
  2531 | D:4      | Reached skill level 1 in Invocations
  2531 | D:4      | Reached XP level 6. HP: 39/49 MP: 5/7
  2829 | D:4      | Reached ** piety under Lugonu
  2954 | D:4      | Identified the blade talisman of Moral Flaws {rPois rC+ rN+
                  | Int+2}
  2973 | D:4      | Reached XP level 7. HP: 35/55 MP: 8/8
  3073 | D:4      | Identified the +3 leather armour of Untruth {Harm Str+2
                  | Dex-2}
  3216 | D:5      | Entered Level 5 of the Dungeon
  3287 | D:5      | Found a runed translucent door.
  3296 | D:5      | Noticed Slyspawn's ghost (novice AtFi)
  3313 | D:5      | Reached skill level 5 in Fighting
  3313 | D:5      | Reached skill level 6 in Maces & Flails
  3693 | D:5      | Reached XP level 8. HP: 62/62 MP: 10/10
  4174 | D:6      | Found a sand-covered staircase.
  4180 | Ossuary  | Entered an ossuary
  4312 | Ossuary  | Reached skill level 7 in Maces & Flails
  4313 | Ossuary  | Reached *** piety under Lugonu
  4557 | D:6      | Noticed Sigmund
  4578 | D:6      | Killed Sigmund
  4614 | D:6      | Reached XP level 9. HP: 65/69 MP: 12/12
  4633 | D:6      | Reached skill level 8 in Maces & Flails
  4638 | D:6      | Reached skill level 5 in Invocations
  5118 | D:6      | Found a staircase to the Ecumenical Temple.
  5246 | D:6      | Reached skill level 9 in Maces & Flails
  5376 | D:7      | Reached **** piety under Lugonu
  6002 | D:7      | Reached XP level 10. HP: 77/79 MP: 14/14
  6729 | D:8      | Noticed Jeremiah
  6736 | D:8      | Banished Jeremiah
  6776 | D:8      | Reached skill level 10 in Maces & Flails
  7930 | D:9      | Reached skill level 5 in Armour
  8268 | D:9      | Found a staircase to the Orcish Mines.
  8405 | D:9      | Reached ***** piety under Lugonu
  8424 | D:10     | Entered Level 10 of the Dungeon
  8424 | D:10     | Noticed Snorg
  8425 | D:10     | Banished Snorg
  8426 | D:10     | Reached skill level 11 in Maces & Flails
  8426 | D:10     | Reached skill level 5 in Shields
  8426 | D:10     | Reached XP level 11. HP: 86/86 MP: 16/16
  8666 | D:10     | Found a staircase to the Lair.
  9094 | D:10     | Noticed a two-headed ogre
  9095 | D:10     | Banished a two-headed ogre
  9652 | D:10     | Found a glowing golden altar of the Shining One.
  9655 | D:10     | Found an ancient bone altar of Kikubaaqudgha.
 10049 | Lair:1   | Entered Level 1 of the Lair of Beasts
 10133 | Lair:1   | Reached skill level 12 in Maces & Flails
 10324 | Lair:1   | Reached XP level 12. HP: 67/95 MP: 17/17
 10747 | Lair:1   | Noticed an ice dragon
 11490 | Lair:1   | Noticed a death yak
 11513 | Lair:1   | Killed a death yak
 11514 | Lair:1   | Reached skill level 13 in Maces & Flails
 11588 | Lair:1   | Killed an ice dragon
 12277 | Lair:2   | Identified the "Niuhag"
 12295 | Lair:2   | Reached skill level 10 in Fighting
 12373 | Lair:2   | Found a hole to the Spider Nest.
 12528 | Lair:2   | Found a staircase to the Swamp.
 12715 | Lair:2   | Reached XP level 13. HP: 85/103 MP: 18/18
 13822 | Lair:2   | Reached skill level 14 in Maces & Flails
 14109 | Lair:2   | Identified 2 scrolls of acquirement
 14109 | Lair:2   | Acquired a manual of Armour
 14188 | Lair:3   | Noticed an eight-headed hydra
 14198 | Lair:3   | Killed an eight-headed hydra
 16385 | Lair:4   | Identified the +0 mace "Fuacie" {freeze, Dex+2}
 16573 | Lair:4   | Noticed a five-headed hydra
 16580 | Lair:4   | Banished a five-headed hydra
 16581 | Lair:4   | Reached XP level 14. HP: 58/113 MP: 14/20
 17062 | Lair:5   | Entered Level 5 of the Lair of Beasts
 17069 | Lair:5   | Reached skill level 10 in Armour
 17230 | Lair:5   | Reached skill level 15 in Maces & Flails
 17233 | Lair:5   | Corrupted Lair:5
 17233 | Lair:5   | Noticed a tentacled starspawn
 17404 | Lair:5   | Found a gate leading to a gauntlet.
 17414 | Gauntlet | Entered a Gauntlet
 17414 | Gauntlet | Found a transporter.
 17414 | Gauntlet | Found a transporter.
 17414 | Gauntlet | Found a runed translucent door.
 17422 | Gauntlet | Found a runed translucent door.
 17423 | Gauntlet | Found a transporter.
 17427 | Gauntlet | Found a transporter.
 17427 | Gauntlet | Found a transporter.
 17453 | Gauntlet | Found a transporter.
 17457 | Gauntlet | Found a transporter.
 17465 | Gauntlet | Found a transporter.
 17482 | Gauntlet | Found a transporter.
 17496 | Gauntlet | Found a transporter.
 17500 | Gauntlet | Found a transporter.
 17512 | Gauntlet | Found a transporter.
 17810 | Gauntlet | Gained mutation: You occasionally shout uncontrollably at
                  | your foes. [a shining eye]
 17811 | Gauntlet | Gained mutation: You have hidden genetic defects. [a
                  | shining eye]
 17814 | Gauntlet | Lost mutation: You occasionally shout uncontrollably at
                  | your foes. [potion of mutation]
 17814 | Gauntlet | Lost mutation: You have hidden genetic defects. [potion of
                  | mutation]
 17814 | Gauntlet | Gained mutation: You sometimes lose your temper in combat.
                  | [potion of mutation]
 17814 | Gauntlet | Gained mutation: You are partially covered in iridescent
                  | scales. (AC +2) [potion of mutation]
 17814 | Gauntlet | Gained mutation: You are vulnerable to heat. (rF-) [potion
                  | of mutation]
 17815 | Gauntlet | Lost mutation: You are vulnerable to heat. (rF-) [potion of
                  | mutation]
 17815 | Gauntlet | Lost mutation: You are partially covered in iridescent
                  | scales. (AC +2) [potion of mutation]
 17815 | Gauntlet | Gained mutation: Armour fits poorly on your strangely
                  | shaped body. [potion of mutation]
 17815 | Gauntlet | Gained mutation: Potions are less effective at restoring
                  | your health. [potion of mutation]
 17815 | Gauntlet | Gained mutation: You are clumsy. (Dex -2) [potion of
                  | mutation]
 17815 | Gauntlet | Gained mutation: You have a pair of small horns on your
                  | head. [potion of mutation]
 17816 | Gauntlet | Lost mutation: You are clumsy. (Dex -2) [potion of
                  | mutation]
 17816 | Gauntlet | Lost mutation: You sometimes lose your temper in combat.
                  | [potion of mutation]
 17816 | Gauntlet | Gained mutation: Your flesh is heat resistant. (rF+)
                  | [potion of mutation]
 17816 | Gauntlet | Gained mutation: Your mind is acute. (Int +4, Str/Dex -1)
                  | [potion of mutation]
 17816 | Gauntlet | Gained mutation: Your spells are a little easier to cast,
                  | but a little less powerful. [potion of mutation]
 17908 | Gauntlet | Noticed a minotaur
 17912 | Gauntlet | Killed a minotaur
 18021 | Gauntlet | Lost mutation: Armour fits poorly on your strangely shaped
                  | body. [potion of mutation]
 18021 | Gauntlet | Lost mutation: Your mind is acute. (Int +4, Str/Dex -1)
                  | [potion of mutation]
 18021 | Gauntlet | Gained mutation: You are agile. (Dex +4, Str/Int -1)
                  | [potion of mutation]
 18021 | Gauntlet | Lost mutation: Potions are less effective at restoring your
                  | health. [potion of mutation]
 18751 | Lair:4   | HP: 3/113 [elephant (14)]
 19122 | Lair:5   | Found a viscous altar of Jiyva.
 19123 | Lair:5   | Found a staircase to the Slime Pits.
 19230 | Lair:5   | Acquired a +1 pair of boots of rampaging
 19795 | Lair:5   | Reached skill level 10 in Shields
 19950 | Lair:5   | Reached skill level 16 in Maces & Flails
 20358 | Lair:5   | Reached XP level 15. HP: 102/120 MP: 21/21
 23270 | D:12     | Found a portal to a secret trove of treasure.
 23781 | D:13     | Noticed Azrael
 23812 | D:13     | Killed Azrael
 24416 | D:13     | Identified the +0 fire dragon scales "Duczazox" {rF++ rC-
                  | Int+2}
 24433 | D:13     | Identified the +3 flail of Zogy {freeze, rPois Int+6 Dex+2}
 24943 | D:14     | Found an ancient bone altar of Kikubaaqudgha.
 25435 | D:14     | Reached XP level 16. HP: 123/132 MP: 22/22
 25436 | D:14     | Reached ****** piety under Lugonu
 25493 | D:14     | Found a gate to the Vaults.
 25608 | D:14     | Noticed Agnes
 25632 | D:14     | Mangled by Agnes

Illustrated notes

Levels and vault maps discovered:
D:1:      dpeg_arrival_shelter, layout_basic, serial_park_tiny_1
D:2:      layout_basic, basic_altar, dk_noncrumbling_4
D:3:      layout_loops_ring, hellmonk_ecumenical_altar_watching_god
D:4:      layout_basic
D:5:      layout_cave_pools, ebering_ghost_sewer_d
D:6:      layout_gridville, temple_doors_e, nicolae_ossuary_entry_plus,
          uniq_sigmund
D:7:      layout_basic, chequers_jeans
D:8:      layout_basic, uniq_jeremiah
D:9:      layout_rooms, zombieorc2_lemuel, lemuel_flamethrower_1
D:10:     layout_layer_cave, nicolae_overflow_hidden_temple,
          minmay_lair_entry_grove, uniq_snorg
D:11:     layout_basic, minmay_strange_pillars, onia_ninara_cookie
D:12:     layout_loops_cross, nicolae_trove_entry_diagonal, minivault_7
D:13:     layout_stronghold, serial_glass, glass_columns_c, glass_columns_c,
          glass_columns_c, glass_columns_b, glass_columns_c, glass_columns_a,
          glass_columns_b, glass_columns_a, minmay_strange_pillars,
          due_unseen_surprise, feat_on_display, feat_on_display, uniq_azrael
D:14:     layout_basic, hangedman_vaults_entry_quadrant_bands,
          lemuel_crystal_altar, uniq_agnes
Lair:1:   dreamdust_isle_of_ice, layout_gridlike, st_stairs_11
Lair:2:   regret_index_wax_grids, layout_regular_city, swamp_mist_pool,
          spider_nest_entry_webs, nicolae_lair_lil_pond, serial_bayou_pond_d,
          lemuel_fruit_fields
Lair:3:   layout_gridlike, grunt_megastairs_4
Lair:4:   layout_loops_ring, grunt_megastairs_5
Lair:5:   evilmike_catoblepas_cave, layout_cellular_growth,
          nicolae_slime_entry_slimehenge, gauntlet_entry_generic,
          serial_bayou_shore_b

Skill      XL: |  1  2  3  4  5  6  7  8  9 10 11 12 13 14 15 16 |
---------------+-------------------------------------------------+-----
Maces & Flails | 3 4 5 6 7 9 11 12 13 14 16 | 16.3
Fighting       | 4 5 6 7 8 9 10 11 12 13 14 | 14.0
Invocations    | 1 2 3 4 5 6 7 8 9 |  9.0
Armour         | 5 6 8 9 11 13 14 | 14.0
Shields        | 5 6 7 9 10 11 | 11.5

Action                     |  1- 3 |  4- 6 |  7- 9 | 10-12 | 13-15 | 16-18 || total
---------------------------+-------+-------+-------+-------+-------+-------++-------
  Melee: Flail             |    83 |   140 |   234 |   475 |   782 |       ||  1714
         Headbutt          |       |       |       |       |   176 |    10 ||   186
         Morningstar       |       |       |       |       |   219 |    44 ||   263
  Throw: Dart              |       |       |       |     5 |     7 |       ||    12
 Invoke: Banish            |       |       |     1 |    10 |     5 |       ||    16
         Corrupt           |       |       |       |       |     1 |       ||     1
  Evoke: Sack of spiders   |       |       |       |     1 |     1 |       ||     2
         Phantom mirror    |       |       |       |       |     1 |     1 ||     2
         Phial of floods   |       |       |       |       |     1 |       ||     1
         Condenser vane    |       |       |       |       |     1 |       ||     1
    Use: Scroll            |       |     3 |     6 |     8 |    18 |       ||    35
         Potion            |       |     1 |     3 |     4 |    10 |     1 ||    19
   Stab: Confused          |       |       |       |       |     1 |       ||     1
 Armour: Scale mail        |    71 |    82 |       |       |       |       ||   153
         Chain mail        |       |    25 |   163 |       |       |       ||   188
         Plate armour      |       |       |    79 |   589 |  1109 |    25 ||  1802
         Ice dragon scales |       |       |       |    19 |       |       ||    19
  Dodge: Dodged            |    38 |    77 |   115 |   219 |   556 |    13 ||  1018
  Block: Buckler           |    24 |    36 |    58 |   180 |   359 |       ||   657
         Tower shield      |       |       |       |       |   247 |    64 ||   311
         Reflection        |       |       |       |       |    42 |     2 ||    44

Table legend: (Time is in decaauts)
 A = Elapsed time spent in this place.
 B = Non-inter-level travel time spent in this place.
 C = Inter-level travel time spent in this place.
 D = Time resting spent in this place.
 E = Time spent auto-exploring this place.
 F = Levels seen in this place.
 G = Mean time per level.
                   A        B        C        D        E       F      G
               +--------+--------+--------+--------+--------+-----+--------+
         Total |  26035 |  24653 |   1382 |    271 |  19131 |  21 | 1239.8 |
       Dungeon |  14990 |  14267 |    723 |    132 |  11391 |  14 | 1070.7 |
          Lair |  10134 |   9476 |    658 |    139 |   7351 |   5 | 2026.8 |
       Ossuary |    291 |    291 |      0 |      0 |     55 |   1 |  291.0 |
      Gauntlet |    618 |    618 |      0 |      0 |    334 |   1 |  618.0 |
               +--------+--------+--------+--------+--------+-----+--------+

Top non-repeatable levels by time:
  Lair:4: 2165 daAuts
  Lair:5: 2095 daAuts
  Lair:1: 2092 daAuts
  Lair:2: 1939 daAuts
  Lair:3: 1841 daAuts
    D:10: 1458 daAuts
    D:12: 1427 daAuts
     D:7: 1387 daAuts
    D:11: 1358 daAuts
     D:8: 1283 daAuts
    D:13: 1243 daAuts
     D:5: 1079 daAuts
     D:2: 1027 daAuts
     D:9: 987 daAuts
     D:3: 847 daAuts
